 Dungeon Crawl Stone Soup version 0.19-a0-1908-g43c011f (webtiles) character file.

334 Psiweapon the Grave Robber (level 6, -1/42 HPs)
             Began as a Vampire Necromancer on Oct 22, 2016.
             Slain by IsvaffelMax's ghost (11 damage)
             ... on level 3 of the Dungeon.
             The game lasted 00:14:05 (3376 turns).

Psiweapon the Grave Robber (Vampire Necromancer)    Turns: 3376, Time: 00:14:05

Health: -1/42      AC:  0    Str:  9    XL:     6   Next: 27%
Magic:  6/11       EV: 21    Int: 18    God:
Gold:   123        SH:  0    Dex: 19    Spells: 4 memorised, 4 levels left

rFire  . . .     SeeInvis +     (weapon currently unavailable)
rCold  . . .     Gourm    .     (armour currently unavailable)
rNeg   + . .     Faith    .     (shield currently unavailable)
rPois  .         Spirit   .     (helmet currently unavailable)
rElec  .         Reflect  .     (cloak currently unavailable)
rCorr  .         Harm     .     (gloves currently unavailable)
MR     .....                    (boots currently unavailable)
Stlth  ++........               w - amulet of regeneration
                                (ring currently unavailable)
                                (ring currently unavailable)

@: bat-form, flying, regenerating, glowing, very quick
A: fangs 3, see invisible, (unbreathing)
a: End Transformation


You were on level 3 of the Dungeon.
You were not thirsty.
You were in vampire-bat-form.
You visited 1 branch of the dungeon, and saw 3 of its levels.

You collected 123 gold pieces.

Inventory:

Hand Weapons
 a - a +1 dagger of venom
 b - a +0 hunting sling
 t - a +0 long sword (melded)
Missiles
 i - 57 sling bullets
 k - 126 stones (quivered)
 o - 19 bolts
 A - 4 tomahawks
Armour
 m - a +1 robe (melded)
Jewellery
 w - an amulet of regeneration (around neck)
 C - a ring of protection from fire (melded)
Wands
 x - a wand of acid (15/15)
Scrolls
 e - a scroll of noise
 f - a scroll of enchant armour
 g - a scroll of recharging
 j - a scroll of teleportation
 v - a scroll of remove curse
Potions
 d - a potion of heal wounds {unknown}
 h - 3 potions of ambrosia {unknown}
 l - a potion of agility
 n - a potion of cure mutation {unknown}
 p - a potion of magic {unknown}
 r - 2 potions of curing {unknown}
 u - 2 potions of flight {unknown}
 z - a potion of cancellation {unknown}
 B - a potion of lignification {unknown}
Books
 s - a book of Necromancy

   Spells                             Type                      Level
   a - Pain                           Necromancy                   1
   b - Animate Skeleton               Necromancy                   1
   c - Vampiric Draining              Necromancy                   3
   d - Regeneration                   Charms/Necromancy            3
   e - Animate Dead                   Necromancy                   4
   f - Control Undead                 Necromancy                   4


   Skills:
 + Level 0.5 Fighting
 + Level 0.2(1.3) Short Blades
 + Level 2.0 Long Blades
 + Level 0.5(0.6) Slings
 + Level 0.1(0.3) Throwing
 + Level 2.9 Dodging
 + Level 4.1 Stealth
 + Level 3.7 Spellcasting
 + Level 5.9 Necromancy


You had 4 spell levels left.
You knew the following spells:

 Your Spells              Type           Power        Failure   Level  Hunger
a - Pain                  Necr           ###.         1%          1    None
b - Vampiric Draining     Necr           ###.......   4%          3    ###....
c - Animate Skeleton      Necr           N/A          1%          1    None
d - Regeneration          Chrm/Necr      ##........   17%         3    ###....


Dungeon Overview and Level Annotations

Branches:
Dungeon (3/15)

Altars:
Ashenzari
Nemelex Xobeh
Vehumet

Annotations:
D:2 exclusion: downstairs
D:3 IsvaffelMax's ghost, amateur CeAM


Innate Abilities, Weirdness & Mutations

You have razor-sharp teeth.
You have supernaturally acute eyesight. (SInv)
((You can survive without breathing.))


Message History

You closely miss IsvaffelMax's ghost. IsvaffelMax's ghost hits you.
You closely miss IsvaffelMax's ghost.
IsvaffelMax's ghost casts a spell at you.
You are outlined in light.
IsvaffelMax's ghost hits you!
You hit IsvaffelMax's ghost.
IsvaffelMax's ghost is lightly damaged.
IsvaffelMax's ghost hits you.
Casting: Pain
Confirm with . or Enter, or press ? or * to list all spells.
Your skin crawls.
IsvaffelMax's ghost hits you!
You hit IsvaffelMax's ghost but do no damage.
IsvaffelMax's ghost is lightly damaged.
IsvaffelMax's ghost hits you!
* * * LOW HITPOINT WARNING * * *
You turn into a vampire bat.
Your +0 long sword melds into your body.
Your +1 robe melds into your body.
Your ring of protection from fire melds into your body.
IsvaffelMax's ghost hits you!
You die...

#.......####).<..###.#####....
####.......#............##....
#..####.#......##.##.##....
#..***#.#......##.#*,######
#..,,*#.######.##..*,*
##,#,*#.# #.###.#,* #.#.##.#
#.###.#.#
#......######.......#
###....).bW(((.##.###
##.%.#)##.##.#*,*
#####.##.##.#*,* #.##.....,,*
***## #.#####.##** *,,..
#..,,,..# *,*## ###***### *,*
*,* *,*


You could see IsvaffelMax's ghost.

Vanquished Creatures
  Sigmund (D:3)
  2 orc wizards (D:3)
  5 adders
  2 worms (D:2)
  3 dart slugs (D:1)
  3 leopard geckos
  4 orcs (D:3)
  2 ball pythons
  5 bats
  2 giant cockroaches
  10 goblins
  9 hobgoblins
  A quokka (D:3)
  2 frilled lizards (D:1)
  8 kobolds
  3 rats
62 creatures vanquished.

Vanquished Creatures (collateral kills)
  An adder (D:2)
  2 orcs (D:3)
  A kobold (D:2)
4 creatures vanquished.

Grand Total: 66 creatures vanquished

Notes
Turn   | Place    | Note
-------+----------+-------------------------------------------
     0 | D:1      | Psiweapon the Vampire Necromancer began the quest for the Orb.
     0 | D:1      | Reached XP level 1. HP: 13/13 MP: 3/3
   317 | D:1      | Reached XP level 2. HP: 15/19 MP: 0/5
   385 | D:1      | Reached skill level 5 in Necromancy
  1316 | D:2      | Reached XP level 3. HP: 24/24 MP: 6/6
  1322 | D:2      | Learned a level 3 spell: Vampiric Draining
  1324 | D:2      | Learned a level 1 spell: Animate Skeleton
  1782 | D:2      | Found a shattered altar of Ashenzari.
  1976 | D:3      | Found a radiant altar of Vehumet.
  1984 | D:3      | Noticed IsvaffelMax's ghost (amateur CeAM)
  2167 | D:3      | Reached XP level 4. HP: 30/30 MP: 8/8
  2199 | D:3      | Learned a level 3 spell: Regeneration
  2872 | D:3      | Reached skill level 1 in Long Blades
  2890 | D:3      | Reached XP level 5. HP: 28/36 MP: 2/9
  3035 | D:3      | Found a sparkling altar of Nemelex Xobeh.
  3125 | D:3      | Noticed Sigmund
  3345 | D:3      | Killed Sigmund
  3345 | D:3      | Reached XP level 6. HP: 42/42 MP: 8/11
  3376 | D:3      | Slain by IsvaffelMax's ghost

Vault maps used:
D:1:      dpeg_arrival_rooms_a, hex_tiny, nrook_loot_triangle
D:2:      evilmike_ruin_ashenzari, grunt_ministairs_9
D:3:      nicolae_overflow_crystal_walls, lemuel_round_altar, uniq_terence,
          uniq_sigmund

Skill      XL: |  1  2  3  4  5 |
---------------+----------------+-----
Necromancy     | 5 |  5.9
Stealth        | 4 |  4.1
Spellcasting   | 3 |  3.7
Long Blades    | 1 2 |  2.0
Fighting       | |  0.5
Short Blades   | |  0.2
Slings         | |  0.5
Throwing       | |  0.1
Dodging        | |  2.9

Action                   |  1- 3 |  4- 6 || total
-------------------------+-------+-------++-------
Melee: Unarmed           |     7 |       ||     7
       Dagger            |    43 |    21 ||    64
       Bite              |     3 |     6 ||     9
       Long sword        |       |    62 ||    62
 Fire: Hunting sling     |     5 |     9 ||    14
Throw: Stone             |       |     2 ||     2
 Cast: Pain              |    24 |    14 ||    38
       Animate Skeleton  |     5 |     8 ||    13
       Vampiric Draining |     4 |    11 ||    15
       Regeneration      |       |     4 ||     4
 Abil: Bat Form          |       |     1 ||     1
  Use: Scroll            |     1 |     7 ||     8
       Potion            |       |     6 ||     6
 Stab: Sleeping          |     8 |     4 ||    12
       Distracted        |     1 |       ||     1
  Eat: Corpse            |     2 |     1 ||     3
Armor: Robe              |     6 |    18 ||    24
Dodge: Dodged            |    33 |    71 ||   104
       Rpst.: Long sword |       |    18 ||    18
